[Event "44th Chess Olympiad Women 2022"]
[Site "Chennai"]
[Date "2022.07.29"]
[Round "1.17"]
[White "Lanchava, Tea"]
[Black "Watson, Gabriella"]
[Result "1-0"]
[ECO "A12"]
[WhiteElo "2257"]
[BlackElo "1164"]
[Annotator "TA"]
[PlyCount "87"]
[EventDate "2022.07.29"]
[EventType "team-tourn"]
[EventCountry "IND"]
[SourceTitle "playchess.com"]
[Source "ChessBase"]
[SourceQuality "1"]
[WhiteTeam "Netherlands"]
[BlackTeam "Jamaica"]
[WhiteTeamCountry "NED"]
[BlackTeamCountry "JAM"]
[TimeControl "40/5400+30:1800+30"]

1. c4 {[%emt 0:00:07] Atalik,S} c6 2. Nf3 d5 3. e3 Nf6 4. b3 Bf5 5. Be2 e6 6. O-O Bd6 7. Bb2 Nbd7 8. Nh4 {[%emt 0:08:28] A12: English Opening: 1...c6 with b3 by White.} Bg6 9. Nxg6 hxg6 {[%emt 0:00:20] [#]} 10. g3 $146 {[%emt 0:00:27] The position is equal.} ({Predecessor:} 10. h3 g5 11. d3 Qe7 12. Nd2 Ne5 13. cxd5 exd5 14. e4 dxe4 15. Nxe4 Nxe4 16. dxe4 {0-1 (32) Sharafiev,A (2449)-Atalik,S (2600) Kazan 2013 EXT 2014 [Atalik,S]}) 10... O-O (10... g5 $142) 11. d3 Qb6 12. Nd2 Rac8 13. Rc1 a5 14. d4 {[%emt 0:04:18] Strongly threatening c5.} c5 15. a3 Qd8 16. Bf3 Qe7 17. Nb1 Nb6 (17... b6 $14) 18. cxd5 $16 exd5 19. Qd2 Ra8 20. dxc5 Bxc5 21. a4 Rfd8 22. Qd3 (22. Qe2 $16) 22... Bb4 {[%emt 0:03:04] [#]} (22... Nbd7 $1 $14) 23. Nc3 $1 Rac8 24. Nb5 ({White should try} 24. Rfd1) 24... Qe6 (24... Rxc1 $142 25. Rxc1 Nbd7) 25. Bg2 Ne4 (25... Qe7 $16 {is a better defense.} 26. Qd4 Rc5) 26. Qd4 Nf6 27. g4 {[%emt 0:02:44][%cal Bg3g4,Bg4g5][%mdl 32] Threatens to win with g5.} g5 28. h3 Kf8 29. f4 (29. h4 $18) 29... gxf4 {[%emt 0:01:16] [#]} 30. exf4 ({Don't do} 30. Qxf4 $6 Bd2 31. Rxc8 (31. Ba3+ Kg8 $15) 31... Qxe3+ 32. Kh1 Nxc8 33. Bxf6 Qxf4 $14) ({White should play} 30. Rxc8 $1 $16 Rxc8 31. Qxf4) 30... Nbd7 (30... Rxc1 $1 $14 {might be stronger.} 31. Rxc1 Rc8 32. Rxc8+ Nxc8) 31. g5 {[%emt 0:00:27] White is more active.} Ng8 {[%emt 0:00:47][%mdl 8192] Black cannot hold the game after this.} (31... Rxc1 $14 32. Rxc1 Nh5) 32. Bxd5 $2 (32. Qxg7+ Ke7 33. f5 Qe3+ 34. Kh1 Rxc1 35. f6+ Ke6 36. Bxc1) 32... Qg6 (32... Qb6 $142 33. Rxc8 Rxc8) 33. Be4 $18 {[%emt 0:00:12] A strong pair of Bishops.} (33. Bxb7 Bc5 34. Bxc8 Bxd4+ 35. Bxd4 Ne7 $16) 33... f5 $2 (33... Qb6 34. Qxb6 Nxb6) 34. Rxc8 {[%emt 0:00:15] White is clearly winning.} Rxc8 35. Qxd7 Re8 36. Bxf5 Qf7 37. Qxf7+ Kxf7 38. g6+ Kf8 39. Be5 Ne7 40. Be4 Nc6 41. Bxc6 bxc6 42. Nd4 Bc5 43. Kh2 Kg8 44. Nxc6 {[%emt 0:00:37] Weighted Error Value: White=0.45/Black=0.30} 1-0

[Event "44th Chess Olympiad Women 2022"]
[Site "Chennai"]
[Date "2022.07.29"]
[Round "1.17"]
[White "Curwin, Nickaylah"]
[Black "Ratsma, Rosa"]
[Result "0-1"]
[ECO "D02"]
[WhiteElo "1499"]
[BlackElo "2226"]
[Annotator "TA"]
[PlyCount "107"]
[EventDate "2022.07.29"]
[EventType "team-tourn"]
[EventCountry "IND"]
[SourceTitle "playchess.com"]
[Source "ChessBase"]
[SourceQuality "1"]
[WhiteTeam "Jamaica"]
[BlackTeam "Netherlands"]
[WhiteTeamCountry "JAM"]
[BlackTeamCountry "NED"]
[TimeControl "40/5400+30:1800+30"]

1. d4 Nf6 2. Bf4 d5 3. Nf3 e6 4. e3 Bd6 5. Bg3 O-O 6. Bd3 c5 7. c3 Qc7 $1 {[%emt 0:00:53][%mdl 4] outshines the older 7...Nc6.} 8. Nbd2 Nbd7 9. Qe2 {[%emt 0:00:43] D02: 1 d4 d5 2 Nf3 sidelines, including 2...Nf6 3 g3 and 2...Nf6 3 Bf4.} Re8 10. e4 {[%emt 0:08:20] [#]} (10. Bxd6 $11 Qxd6 11. h3) 10... e5 $146 ({Predecessor:} 10... Bxg3 11. hxg3 e5 12. dxe5 Nxe5 13. Nxe5 Qxe5 14. O-O-O Bd7 15. f4 Qc7 16. e5 Bg4 {1-0 (38) Zeuner,O (1906)-Fenski,M (1719) Playchess.com INT 2020}) 11. O-O {[%emt 0:04:52] Black is slightly better.} exd4 12. cxd4 Bxg3 13. hxg3 dxe4 14. Nxe4 (14. Bxe4 $17 {keeps fighting.} c4 15. Nh4) 14... Nxe4 $19 15. Bxe4 Nf6 16. Nd2 Bf5 $36 {[%emt 0:02:42][%mdl 2048] White is under strong pressure.} 17. f3 cxd4 18. Qd3 Nxe4 19. fxe4 Bg6 20. Rac1 Qb6 21. b3 Rac8 (21... Rad8 $19 22. Rf4 Qa5) 22. Nc4 (22. Rxc8 $17 Rxc8 23. Nf3) 22... Qc5 23. Rce1 b5 24. Nd2 Qc2 {[%emt 0:05:38] Prevents Rc1.} 25. Qe2 a6 26. Qf2 Qd3 ({Don't go for} 26... Qxa2 $2 27. Ra1 Qb2 28. Rxa6 $19) ({Black should play} 26... d3 $19 {...f6 is the strong threat.} 27. Qe3 Red8) 27. Qf4 $2 (27. Nf3 $17) 27... Rc2 28. Rf2 Rxa2 29. e5 h6 30. Nf3 Rxf2 31. Kxf2 Qxb3 32. Qxd4 Rc8 33. Qd7 Qc2+ 34. Re2 Qc5+ 35. Nd4 Bd3 36. Re3 Bc4 37. Nf5 Rf8 38. Nxh6+ $2 (38. Qd6 Qa7 39. Kg1) 38... gxh6 39. Qg4+ Kh8 {[%emt 0:00:32] [#] Hoping for ...Rd8.} 40. Qf4 Qb6 41. e6 Qc5 42. Qxh6+ Kg8 {[%emt 0:00:07] And now ...Re8 would win.} 43. e7 Re8 44. Qf6 Bd3 {[%emt 0:05:09] Strongly threatening ...b4.} 45. g4 Be4 46. Qxa6 Rxe7 47. Qf6 Re6 (47... b4 $142 48. g5 b3 49. g4 Ra7 50. Qf4 Ra2+ 51. Kg3 b2 52. g6 Bxg6 53. Qh6 Qd6+ 54. Kf3 {[#]} Be4+ $1 55. Rxe4 Qxh6 56. Rb4 Qf6+ 57. Ke3 Qe5+ 58. Re4 Ra3+ 59. Kf2 Qh2+ 60. Kf1 b1=Q+ 61. Re1 Rf3#) 48. Qf4 Bg6 {[%emt 0:01:20] Black mates.} 49. Kf3 Qxe3+ 50. Qxe3 Rxe3+ 51. Kxe3 b4 52. Kd4 b3 53. Kc3 Bc2 54. Kd4 {[%emt 0:00:31] White did not feel at home in the position after the opening.  Weighted Error Value: White=0.54/Black=0.15 (very precise)} 0-1

[Event "44th Chess Olympiad Women 2022"]
[Site "Chennai"]
[Date "2022.07.29"]
[Round "1.18"]
[White "Eric, Jovana"]
[Black "Gamage, Desandhi Dhihansa"]
[Result "1-0"]
[ECO "B51"]
[WhiteElo "2271"]
[BlackElo "1561"]
[Annotator "TA"]
[PlyCount "55"]
[EventDate "2022.07.29"]
[EventType "team-tourn"]
[EventCountry "IND"]
[SourceTitle "playchess.com"]
[Source "ChessBase"]
[SourceQuality "1"]
[WhiteTeam "Serbia"]
[BlackTeam "Sri Lanka"]
[WhiteTeamCountry "SRB"]
[BlackTeamCountry "SRI"]
[TimeControl "40/5400+30:1800+30"]

1. e4 c5 2. Nf3 d6 3. Bb5+ Nc6 4. O-O Bg4 5. h3 Bh5 6. Nc3 {[%emt 0:04:27] B51: Sicilian: Moscow Variation (3 Bb5+) without 3...Bd7.} Nf6 7. Re1 {[%emt 0:02:00] [#] Threatens to win with g4.} e6 $146 {[%emt 0:08:06] [#]} (7... e5 $11) ({Predecessor:} 7... e5 8. Nd5 Be7 9. Nxe7 Qxe7 10. c3 O-O 11. Be2 Nxe4 12. Nxe5 Qf6 13. Nf3 d5 {1-0 (36) Wahlgreen,N (1432)-Singh,Y (1304) Tornelo INT 2020}) 8. g4 $1 $16 {[%emt 0:07:32] White is more active. White is better.} Bg6 9. d4 d5 $2 {[%emt 0:28:27][%mdl 8192] [#]} (9... cxd4 $16 {was necessary.} 10. Nxd4 Rc8) 10. exd5 $1 $18 Nxd5 11. Nxd5 Qxd5 12. c4 Qd6 13. d5 O-O-O 14. Bg5 Ne7 15. dxe6 fxe6 $2 (15... f6) 16. Qe2 {[%emt 0:01:23] Strongly threatening Rad1.} Bf7 (16... Bd3 $142) 17. Rad1 Qb6 18. Rxd8+ Qxd8 19. Ne5 Bg8 20. Rd1 Qa5 21. Qd3 (21. Qf3 $142 Nf5 22. Rd7 Qb6 23. Bd8 Nh4 24. Qxf8 Bf7 25. Qxh8 Bg8 26. Bxb6 Nf3+ 27. Nxf3 axb6 28. Qxg8#) 21... a6 22. Qd7+ {[%emt 0:01:03] White mates.} Kb8 23. Bxe7 axb5 24. Nc6+ bxc6 25. Qe8+ Kc7 26. Rd7+ Kb6 27. Qb8+ Ka6 28. Ra7# {[%emt 0:00:05] White took control after the opening.  Weighted Error Value: White=0.19 (very precise) /Black=1.29} 1-0

[Event "44th Chess Olympiad Women 2022"]
[Site "Chennai"]
[Date "2022.07.29"]
[Round "1.18"]
[White "Abeysinghe, H M H Janandani"]
[Black "Gajcin, Marina"]
[Result "0-1"]
[ECO "D80"]
[WhiteElo "1516"]
[BlackElo "2271"]
[Annotator "TA"]
[PlyCount "82"]
[EventDate "2022.07.29"]
[EventType "team-tourn"]
[EventCountry "IND"]
[SourceTitle "playchess.com"]
[Source "ChessBase"]
[SourceQuality "1"]
[WhiteTeam "Sri Lanka"]
[BlackTeam "Serbia"]
[WhiteTeamCountry "SRI"]
[BlackTeamCountry "SRB"]
[TimeControl "40/5400+30:1800+30"]

1. d4 Nf6 2. c4 g6 3. Nc3 d5 4. Bg5 Bg7 5. Bxf6 Bxf6 6. cxd5 c6 7. e3 {[%emt 0:01:42] D80: Grünfeld: Unusual White 4th moves and 4 Bg5.} cxd5 8. Qb3 e6 9. Bd3 {[%emt 0:05:14] [#] The position is equal.} O-O $146 ({Predecessor:} 9... Nc6 10. Nf3 O-O 11. O-O b6 12. Rac1 Bb7 13. h3 Na5 14. Qa4 Bc6 15. Qc2 Rc8 {½-½ (32) Grummitt,W-Llompart Flexas,G (1980) ICCF email 2010}) 10. Nge2 Nc6 11. O-O Bd7 12. Rfc1 (12. Qxb7 $2 Rb8 13. Qa6 Nb4 $19) 12... Rc8 13. Rab1 ({Wrong is} 13. Qxb7 $2 Rb8 14. Qa6 Nb4 15. Qxa7 Nxd3 $19) 13... Bg7 14. a3 ({Avoid the trap} 14. Qxb7 $2 Rb8 15. Qa6 Nb4 $19) 14... Na5 15. Qa2 Nc4 16. b3 Nd6 17. a4 Qg5 18. b4 Nf5 {[%emt 0:03:13][%cal Of5e3] Strongly threatening ...Nxe3!} 19. Bxf5 Qxf5 20. b5 Rc4 21. e4 Qg5 {[%emt 0:01:10] Black is more active.} 22. exd5 ({Better is} 22. e5) 22... exd5 $17 23. Nxd5 $2 {[%emt 0:07:09][%mdl 8192] This move loses the game for White.} (23. f4 $17 {is tougher.} Qd8 24. Rd1 (24. Nxd5 $2 Rxc1+ 25. Rxc1 Be6 $19)) 23... Rxc1+ $19 24. Rxc1 {[%emt 0:00:00] [#]} Be6 $1 25. Rc5 b6 26. f4 Qd8 27. Rc1 Bxd5 {[%emt 0:00:16] This bishop pair is nice.} 28. Qd2 Re8 29. Nc3 Qd6 {[%emt 0:01:22] And now ...Qb4 would win.} 30. Rd1 Bb3 31. Rc1 Qxd4+ 32. Qf2 Qxf2+ 33. Kxf2 Bd4+ 34. Kf3 Re3+ 35. Kg4 Bxc3 36. g3 Be6+ {[%emt 0:00:26] Black mates.} 37. Kg5 Kg7 38. Rxc3 Rxc3 39. g4 f6+ 40. Kh4 h6 41. g5 Rh3# {[%emt 0:30:05] Weighted Error Value: White=1.08/Black=0.25 (precise)} 0-1

[Event "44th Chess Olympiad Women 2022"]
[Site "Chennai"]
[Date "2022.07.29"]
[Round "1.19"]
[White "Klinova, Masha"]
[Black "Cho, Yeonhee"]
[Result "1-0"]
[ECO "C68"]
[WhiteElo "2251"]
[BlackElo "1427"]
[Annotator "TA"]
[PlyCount "63"]
[EventDate "2022.07.29"]
[EventType "team-tourn"]
[EventCountry "IND"]
[SourceTitle "playchess.com"]
[Source "ChessBase"]
[SourceQuality "1"]
[WhiteTeam "Israel"]
[BlackTeam "Korea"]
[WhiteTeamCountry "ISR"]
[BlackTeamCountry "KOR"]
[TimeControl "40/5400+30:1800+30"]

1. e4 e5 2. Nf3 Nc6 3. Bb5 a6 4. Bxc6 dxc6 5. d4 exd4 6. Qxd4 Qxd4 7. Nxd4 Bc5 8. Be3 Bb6 {[%emt 0:02:36] C68: Ruy Lopez: Exchange Variation, sidelines.} 9. Nc3 Nf6 10. f3 {[%emt 0:00:21] Prevents Ng4.} O-O {[%emt 0:09:19] White is slightly better.} 11. O-O-O {[%emt 0:01:04] [#]} Ba7 $146 ({Predecessor:} 11... Bd7 12. g4 Rad8 13. Nf5 Bxf5 14. Bxb6 Bxg4 15. Rxd8 Rxd8 16. Bxc7 Rd7 17. fxg4 Rxc7 {0-1 (41) Hernandez Bermudez,U (2042)-Dordzhieva,D (2293) Chess.com INT 2021}) 12. Bg5 Bxd4 13. Rxd4 Nd7 14. Rd2 {[%emt 0:04:26] 0x0.0020aebffe23dp-1022s more active pieces. The black rooks are badly placed.} f5 {[%emt 0:06:01] [#]} ({Better is} 14... f6 15. Bh4 Ne5) 15. exf5 $1 $16 Rxf5 16. Bd8 Nf6 17. Bxc7 {[%emt 0:01:39] Hoping for Rd8+.} Be6 18. Re1 Bf7 19. Bb6 Nd5 {[%emt 0:15:44] Inhibits Re7.} 20. Nxd5 Bxd5 21. b3 c5 (21... Rf6 $142 22. Re7 Rf7) 22. g4 $18 Rf6 23. Rxd5 Rxb6 24. Rxc5 {[%emt 0:00:08][%mdl 4096] Endgame KRR-KRR} Rf8 25. Re3 Rbf6 26. Rcc3 Rh6 27. Re7 Rxh2 28. Rxb7 Rf2 (28... Kh8 $142 29. Rb6 a5) 29. Rcc7 {[%emt 0:00:17] White is clearly winning.} R8xf3 30. Rxg7+ Kh8 31. Rxh7+ Kg8 32. Rhc7 {[%emt 0:00:32] Black did not feel at home in the position after the opening.  Weighted Error Value: White=0.06 (flawless) /Black=0.39} 1-0

[Event "44th Chess Olympiad Women 2022"]
[Site "Chennai"]
[Date "2022.07.29"]
[Round "1.19"]
[White "Levitan, Ronit"]
[Black "Kang, Sohyun"]
[Result "1-0"]
[ECO "C07"]
[WhiteElo "2084"]
[BlackElo "1593"]
[Annotator "TA"]
[PlyCount "53"]
[EventDate "2022.07.29"]
[EventType "team-tourn"]
[EventCountry "IND"]
[SourceTitle "playchess.com"]
[Source "ChessBase"]
[SourceQuality "1"]
[WhiteTeam "Israel"]
[BlackTeam "Korea"]
[WhiteTeamCountry "ISR"]
[BlackTeamCountry "KOR"]
[TimeControl "40/5400+30:1800+30"]

1. e4 e6 2. d4 d5 3. Nd2 c5 4. exd5 Qxd5 5. Ngf3 cxd4 6. Bc4 Qd6 7. O-O Nf6 8. Nb3 Nc6 9. Nbxd4 Nxd4 10. Nxd4 a6 11. Re1 Qc7 12. Bb3 Bd6 13. h3 O-O 14. c3 b5 {[%emt 0:08:31] C07: French Tarrasch: 3...c5, 4 Ngf3 and 4 exd5 Qxd5.} 15. Bg5 Bb7 16. Qd3 {[%emt 0:20:35][%cal Oe1e6] [#]} Nh5 $146 ({Black should play} 16... Nd5 $11) ({Predecessor:} 16... Nd5 17. Bc2 g6 18. Qd2 Bh2+ 19. Kf1 Nf4 20. Bxf4 Bxf4 21. Qe2 Rad8 22. Be4 Rd7 23. Bxb7 Qxb7 {0-1 (35) Reynoso Henriquez,J (2083)-Diaz Valdez,E (1868) Santo Domingo 2019}) 17. Rxe6 {[%emt 0:14:37][%cal Oa1e1] White is more active.} Bf4 $2 (17... fxe6 $2 18. Nxe6 Bh2+ 19. Kh1 $18) (17... Rae8 $16 18. Rxe8 (18. Bc2 g6 $11) 18... Rxe8) 18. Re7 $18 {[%emt 0:03:48] The board is on fire.} Qc8 (18... Qc5 19. Rxb7 (19. Bc2 g6 $18) 19... Qxg5) 19. Bxf4 {[%emt 0:01:50] White is clearly winning.} ({Less strong is} 19. Bc2 g6 $18) 19... Nxf4 20. Qg3 Qb8 21. Nf5 g6 {[%emt 0:06:41] [#]} (21... Ng6 $142 22. Rxf7 Rxf7) 22. Nh6+ (22. Bxf7+ $142 $1 Rxf7 23. Nh6+ Kg7 24. Rxf7+ Kxh6 25. Rxf4) 22... Kg7 23. Nxf7 {[%emt 0:01:43] Ng5+ would kill now.} Bd5 24. Nd6+ Kh8 {[%emt 0:02:02] [#]} 25. Qh4 $1 Nh5 26. Bxd5 Qxd6 27. Bxa8 {[%emt 0:00:18] White took control after the opening.  Weighted Error Value: White=0.45/Black=1.07} 1-0

[Event "44th Chess Olympiad Women 2022"]
[Site "Chennai"]
[Date "2022.07.29"]
[Round "1.19"]
[White "Park, Sunwoo"]
[Black "Belenkaya, Dina"]
[Result "1-0"]
[ECO "B12"]
[WhiteElo "1773"]
[BlackElo "2256"]
[Annotator "TA"]
[PlyCount "75"]
[EventDate "2022.07.29"]
[EventType "team-tourn"]
[EventCountry "IND"]
[SourceTitle "playchess.com"]
[Source "ChessBase"]
[SourceQuality "1"]
[WhiteTeam "Korea"]
[BlackTeam "Israel"]
[WhiteTeamCountry "KOR"]
[BlackTeamCountry "ISR"]
[TimeControl "40/5400+30:1800+30"]

1. e4 c6 2. d4 d5 3. e5 Bf5 4. Nf3 e6 5. Bd3 Bxd3 6. Qxd3 Qa5+ 7. c3 {[%emt 0:02:36] B12: Caro-Kann: Advance Variation.} Qa6 8. Qc2 c5 9. dxc5 {[%emt 0:12:43] The position is equal.} Bxc5 10. b4 Be7 {[%emt 0:03:01] [#]} 11. Be3 $146 ({Predecessor:} 11. a4 Qc4 12. Na3 Qg4 13. O-O Nc6 14. Nb5 Rc8 15. Qd3 Qg6 16. Qe3 a6 17. Qb6 {1-0 (23) Biancosino,R (2065)-Solano,P (1907) Buenos Aires 2017}) 11... Nd7 12. a4 Rc8 {[%emt 0:03:42] With the idea ...Bxb4.} 13. b5 Qa5 14. O-O h5 15. Rc1 Nh6 16. Nbd2 Nf5 17. Qd3 Bc5 18. c4 $36 {[%emt 0:06:06][%mdl 2048] White has good play.} d4 (18... Nxe3 $11 19. fxe3 Qc7) 19. Nb3 (19. Nxd4 Nxe5 20. Qe4 Nxe3 $15) ({Worse is} 19. Bxd4 Nxd4 20. Nxd4 Nxe5 $17) 19... Qc7 20. Bd2 ({Much weaker is} 20. Nfxd4 Nxe5 21. Qe4 Nxe3 22. fxe3 Ng4 $15) ({Don't play} 20. Bxd4 Nxd4 21. Nfxd4 Nxe5 $11) 20... Nxe5 (20... O-O $14) 21. Nxe5 $18 Qxe5 22. Re1 Qf6 23. Nxc5 Rxc5 24. Bb4 Rc7 25. c5 (25. a5 $16) 25... O-O $11 26. c6 {[%emt 0:07:25][%mdl 1024] White has compensation.} (26. a5 $5 ) 26... Rb8 27. Ba5 b6 28. Bd2 {[%emt 0:00:10] Strongly threatening Bf4.} Re8 29. a5 Ne7 (29... e5 $11) 30. axb6 $16 axb6 31. Bb4 {[%emt 0:00:57] 0x0.002360edf3fbdp-1022s more active pieces.} ({White should try} 31. Ra4 $16) 31... e5 (31... Rcc8 $11 {keeps the balance.}) 32. Bxe7 (32. Qe4 $16 Ng6 33. Ra6) 32... Qxe7 33. h3 Qd8 {[%emt 0:01:41] [#]} (33... Qc5 $11) 34. Ra4 (34. f4 $1 $16) 34... Qd5 {[%emt 0:00:47][%mdl 8192] [#]} (34... Rce7 $1 $11 {and Black has nothing to worry.}) 35. Rxd4 $3 $18 {[%emt 0:00:32][%cal Ba4d4,Bd4d6,Bd6d7][%mdl 608] Pin. White is clearly winning.} Qe6 36. Rd6 Qc8 (36... Qe7 $142 37. Rd5 Rcc8) 37. Rd7 {[%emt 0:00:39] aiming for Qd6.} g6 38. Qd6 {[%emt 0:00:19][%csl LRc7,LRe5] Weighted Error Value: White=0.21 (precise) /Black=0.54} 1-0

[Event "44th Chess Olympiad Women 2022"]
[Site "Chennai"]
[Date "2022.07.29"]
[Round "1.19"]
[White "Park, Haneul"]
[Black "Lahav, Michal"]
[Result "0-1"]
[ECO "A73"]
[WhiteElo "1531"]
[BlackElo "2191"]
[Annotator "TA"]
[PlyCount "80"]
[EventDate "2022.07.29"]
[EventType "team-tourn"]
[EventCountry "IND"]
[SourceTitle "playchess.com"]
[Source "ChessBase"]
[SourceQuality "1"]
[WhiteTeam "Korea"]
[BlackTeam "Israel"]
[WhiteTeamCountry "KOR"]
[BlackTeamCountry "ISR"]
[TimeControl "40/5400+30:1800+30"]

1. d4 Nf6 2. c4 c5 3. d5 e6 4. Nc3 exd5 5. cxd5 d6 6. e4 g6 7. Nf3 Bg7 8. Be2 O-O 9. O-O Bg4 10. h3 Bxf3 11. Bxf3 Nbd7 12. Bf4 {[%emt 0:16:02] A73: Modern Benoni: Classical: Unusual Black 9th moves.} Qe7 13. Re1 Ne8 14. Qd2 {[%emt 0:33:08] White is slightly better.} Nc7 15. Be2 {[%emt 0:20:45] [#]} Bf6 $146 ({Predecessor:} 15... a6 16. Bf1 b5 17. Bg3 b4 18. Nd1 Nb5 19. f3 Nb6 20. Ne3 Qd7 21. f4 Nd4 22. Rad1 f5 23. Nc4 Nxc4 24. Bxc4 fxe4 25. Rxe4 a5 26. Kh2 Rf7 27. Bf2 {½-½ (27) Brunello,S (2566)-Quillan,G (2361) Riga 2017}) 16. Nb5 (16. Bf1 $14) 16... Nxb5 $11 17. Bxb5 Rfe8 (17... a6 $5 18. Bxd7 Qxd7 $11) 18. Rab1 (18. e5 $5 Bxe5 19. Bxe5 dxe5 20. d6 $11) 18... a6 19. Bxd7 Qxd7 20. b4 ({White should try} 20. Bg3 $11) 20... c4 $15 21. Bg5 {[%emt 0:03:08] Black keeps a firm grip on the game.} (21. Rbc1 $15) 21... Bg7 22. Qc2 Rac8 23. a4 {[%emt 0:00:28] [#]} (23. Rbc1 $142) 23... b5 $1 $17 24. a5 (24. axb5 $17 {was worth a try.} axb5 25. Bf4) 24... h6 $19 25. Bd2 (25. Bf4 $17) 25... c3 26. Be3 (26. Bf4 $142) 26... Rc4 27. Bb6 Qe7 28. f3 Be5 29. Be3 (29. Bf2 {was called for.}) 29... Qh4 30. Bf2 $2 (30. Kf1) 30... Qf4 31. Be3 Qh2+ 32. Kf1 Kh7 33. Bg1 Qh1 {[%emt 0:09:31] [#] Strongly threatening ...Bd4.} 34. Kf2 h5 35. Red1 Rec8 {[%emt 0:00:30] Threatens to win with ...Bd4+.} 36. Ke3 {[%emt 0:00:36] Against Bd4+} g5 {[%emt 0:02:11] Prevents f4.} 37. Rbc1 $2 (37. Kd3) 37... Rxb4 {[%emt 0:00:02] Hoping for ...Rb2.} 38. Rb1 Ra4 39. Bf2 Qxg2 {[%emt 0:00:31] ( -> ...g4)} 40. Rg1 Bd4+ {[%emt 0:00:07] Weighted Error Value: White=0.99/Black=0.20 (precise)} 0-1

[Event "44th Chess Olympiad Women 2022"]
[Site "Chennai"]
[Date "2022.07.29"]
[Round "1.20"]
[White "Sandu, Mihaela"]
[Black "Mongeli, Sasha"]
[Result "1-0"]
[ECO "B12"]
[WhiteElo "2297"]
[BlackElo "1672"]
[Annotator "TA"]
[PlyCount "77"]
[EventDate "2022.07.29"]
[EventType "team-tourn"]
[EventCountry "IND"]
[SourceTitle "playchess.com"]
[Source "ChessBase"]
[SourceQuality "1"]
[WhiteTeam "Romania"]
[BlackTeam "Kenya"]
[WhiteTeamCountry "ROU"]
[BlackTeamCountry "KEN"]
[TimeControl "40/5400+30:1800+30"]

1. e4 c6 2. d4 d5 3. e5 Bf5 4. Nf3 e6 5. Be2 Nd7 6. O-O Ne7 7. Nbd2 c5 8. c4 {[%emt 0:00:53] B12: Caro-Kann: Advance Variation.} Bg4 9. h3 Bh5 10. dxc5 {[%emt 0:03:00] White is better.} Nxc5 11. b4 {[%emt 0:03:59] [#]} Bxf3 $146 ({Black should try} 11... Ne4) ({Predecessor:} 11... Nd7 12. Nd4 Bxe2 13. Qxe2 Nc6 14. Nb5 a6 15. cxd5 axb5 16. dxc6 bxc6 17. Qe4 Qc7 {½-½ (52) Strbac,M (2296)-Zivkovic,V (2240) Sombor 2009}) 12. Nxf3 $16 Nd7 13. Bg5 {[%emt 0:09:09] Strongly threatening cxd5.} dxc4 14. Bxc4 Qb6 15. Qe2 Nc6 16. a3 Be7 17. Bxe7 Nxe7 (17... Kxe7 $142 18. Qe4 Rad8) 18. Rfd1 $18 Rd8 $2 (18... Nc6 {was called for.} 19. Rac1 (19. Rxd7 Kxd7 20. Rd1+ Ke7 $11) 19... Qd8) 19. Rd6 Qc7 20. Rad1 Nc8 $2 {[%emt 0:09:13] [#]} (20... O-O 21. Ng5 Nxe5 22. Qxe5 Rxd6 23. Qxd6 Qxd6 24. Rxd6 Nc6) 21. Ng5 $1 {[%emt 0:05:53][%cal Oc4e6] Bxe6! is the strong threat.} O-O 22. Nxe6 fxe6 23. Bxe6+ Kh8 24. Rxd7 Rxd7 25. Rxd7 Qc1+ 26. Rd1 Qxa3 27. Bxc8 {[%emt 0:00:40][%cal Oe5e6] Intending e6! and mate.} Rxc8 {[%emt 0:00:17][%mdl 4096] Endgame [#] KQR-KQR} 28. Qc4 $3 Rf8 (28... Re8 29. Qf7) 29. e6 {[%emt 0:01:22] White threatens e7 and mate.} Qb2 {[%emt 0:00:50] [#]} 30. Qf4 $3 {[%emt 0:00:53][%cal Rf4f8][%mdl 512] Active counter play! White mates.} Kg8 {[%emt 0:01:40] [#]} (30... Rg8 31. Qf7) 31. e7 $1 Rxf4 {[%emt 0:04:47] [#]} (31... Qf6 32. exf8=Q+) 32. Rd8+ $1 ({Weaker is} 32. e8=Q+ Rf8 33. Qe6+ Kh8 $16) 32... Kf7 33. e8=Q+ {[%emt 0:00:06] KQR-KQR} Kf6 34. Rd6+ Kg5 35. Qe7+ Kh5 36. g4+ Rxg4+ 37. hxg4+ Kxg4 38. Qe4+ Kg5 39. Rd5+ {[%emt 0:00:10] Black did not feel at home in the position after the opening.  Weighted Error Value: White=0.14 (very precise) /Black=0.62} 1-0